 Dungeon Crawl Stone Soup version 0.29-a0-330-g52719c12eb (webtiles) character file.

Game seed: 11847998855707855706

7842 kae the Firebug (level 10, -3/84 HPs)
             Began as a Demigod Fire Elementalist on May 9, 2022.
             Slain by a centaur warrior (6 damage)
             ... on level 10 of the Dungeon.
             The game lasted 00:12:39 (13289 turns).

kae the Firebug (Demigod Fire Elementalist)        Turns: 13289, Time: 00:12:40

Health: -3/84      AC:  6    Str:  9    XL:     10   Next: 71%
Magic:  29/32      EV: 13    Int: 29    God:
Gold:   419        SH:  8    Dex: 14    Spells: 9/22 levels left

rFire   + + .      SeeInvis +   (no weapon)
rCold   . . .      Faith    .   w - +0 buckler
rNeg    . . .      Spirit   .   E - +0 acid dragon scales
rPois   .          Reflect  +   (no helmet)
rElec   .          Harm     .   f - scarf {rC+ rF+}
rCorr   +          Rampage  .   (no gloves)
Will    ++...                   (no boots)
Stlth   ++........              y - amulet "Tyckagh" {Reflect MP+9 SH+5 SInv}
HPRegen 0.24/turn               h - ring of willpower
MPRegen 0.23/turn               k - ring of fire

@: no status effects
A: high MP 1, forlorn, divine attributes
a: no special abilities


You were on level 10 of the Dungeon.
You visited 1 branch of the dungeon, and saw 10 of its levels.

You collected 586 gold pieces.
You spent 167 gold pieces at shops.

Inventory:

Hand Weapons
 C - a +2 vampiric long sword
Armour
 a - a +0 robe
 f - a scarf of resistance (worn)
 w - a +0 buckler (worn)
 E - +0 acid dragon scales (worn)
Jewellery
 h - a ring of willpower (left hand)
 j - a +6 ring of dexterity
 k - a ring of fire (right hand)
 m - an amulet of regeneration
 o - a ring of wizardry
 t - a ring of protection from cold
 v - a +4 ring of protection
 y - the amulet "Tyckagh" (around neck) {Reflect MP+9 SH+5 SInv}
   (You acquired it on level 5 of the Dungeon)

   [amulet of reflection]

   It reflects blocked missile attacks.
   MP:        It affects your magic capacity (+9).
   SInv:      It lets you see invisible.
   SH:        It affects your SH (+5).
 z - a ring of wizardry
 I - a +6 ring of dexterity
Wands
 i - a wand of mindburst (30)
 F - a wand of acid (13)
 H - a wand of flame (41)
Scrolls
 d - 2 scrolls of teleportation
 g - a scroll of holy word
 s - 3 scrolls of identify
 x - a scroll of fog
 A - a scroll of magic mapping
Potions
 b - 2 potions of magic
 c - 6 potions of curing
 e - 2 potions of brilliance
 l - 5 potions of mutation
 n - 4 potions of attraction
 p - 4 potions of might
 q - a potion of berserk rage
 r - 2 potions of degeneration
 u - 2 potions of flight
 B - a potion of ambrosia
 D - 4 potions of cancellation
 G - a potion of resistance


   Skills:
 + Level 6.9 Fighting
 + Level 7.2 Dodging
 - Level 1.7 Stealth
 + Level 6.6 Spellcasting
 + Level 7.0 Conjurations
 + Level 7.5 Fire Magic


You had 9 spell levels left.
You knew the following spells:

 Your Spells              Type           Power      Damage    Failure   Level
a - Foxfire               Conj/Fire      100%       2x1d9     1%          1
b - Scorch                Fire           100%       2d10      1%          2
c - Conjure Flame         Conj/Fire      67%        6-21      1%          3
d - Inner Flame           Hex/Fire       47%        N/A       8%          3
e - Flame Wave            Conj/Fire      67%        2d12      6%          4

Your spell library contained the following spells:

 Spells                   Type           Power      Damage    Failure   Level
 Stone Arrow              Conj/Erth      60%        3d10      9%          3
 Animate Skeleton         Necr           18%        N/A       13%         1
 Freeze                   Ice            36%        1d6       13%         1
 Pain                     Necr           36%        1d5       13%         1
 Sting                    Tmut/Pois      36%        1d4       13%         1
 Poisonous Vapours        Pois/Air       18%        N/A       19%         2
 Hailstorm                Conj/Ice       30%        3d8       28%         4
 Frozen Ramparts          Ice            18%        1d3       36%         3
 Vampiric Draining        Necr           9%         2d6       36%         3
 Animate Armour           Summ/Erth      18%        N/A       77%         4
 Olgreb's Toxic Radiance  Pois           9%         N/A       77%         4
 Passage of Golubria      Tloc           9%         N/A       77%         4
 Silence                  Hex/Air        4%         N/A       98%         5
 Lehudib's Crystal Spear  Conj/Erth      15%        10d5      100%        8


Dungeon Overview and Level Annotations

Branches:
Dungeon (10/15)            Temple (0/1) D:5            Lair (0/6) D:8
    Orc (0/2) D:9

Shops:
D:5 ?:=   D:6 :[:(?*   D:9 (

Annotations:
D:7 2 transporters, Kebab's ghost, novice GnWn
D:8 2 transporters


Innate Abilities, Weirdness & Mutations

You have an increased reservoir of magic. (+10% MP)
You shall have no god before yourself.
Your divine heritage dramatically boosts your attributes as you level up.


Message History

A centaur warrior is nearby!
A centaur warrior is nearby!
Casting: Flame Wave (dangerous; 6% risk of failure)
Confirm with . or Enter, or press ? or * to list all spells.
You feel a surge of power!
You conjure some foxfire!
The centaur warrior shouts!
The centaur warrior wields a +0 longbow.
The centaur warrior shoots an arrow.
The arrow hits you!!
The foxfire hits the centaur warrior.
The centaur warrior is lightly wounded.
The centaur warrior shoots an arrow.
The arrow closely misses you.
Casting: Foxfire (safe; 1% risk of failure)
Confirm with . or Enter, or press ? or * to list all spells.
You feel a surge of power!
You conjure some foxfire!
The foxfire hits the centaur warrior!
The centaur warrior is lightly wounded.
The foxfire hits the centaur warrior!
The centaur warrior is moderately wounded.
The centaur warrior shoots an arrow.
The arrow hits you!!
The centaur warrior shoots an arrow.
The arrow hits you!
The foxfire hits the centaur warrior but does no damage.
The centaur warrior is moderately wounded.
The centaur warrior shoots an arrow.
The arrow hits you!
* * * LOW HITPOINT WARNING * * *
Really attack while wielding nothing? [Y]es or [N]o only, please.
Really attack while wielding nothing?
Okay, then.
Okay, then.
Casting: Foxfire (safe; 1% risk of failure)
Confirm with . or Enter, or press ? or * to list all spells.
You feel a surge of power!
Flames lash the centaur warrior.
The centaur warrior is heavily wounded.
The centaur warrior's fire resistance burns away.
The centaur warrior unwields a +0 longbow.
The centaur warrior hits you!
* * * LOW HITPOINT WARNING * * *
The centaur warrior kicks you but does no damage.
The centaur warrior hits you.
You die...

...............
................
...................
......................
........................
..........................
.........c................
.........@................
..........................
#........................
###...##.................
#..... #####............#
....... ####.........#
....... ###......##
....... ##....## .......
###..#


You could see a centaur warrior (combustible).

Vanquished Creatures
  A two-headed ogre (D:8)
  Amaemon (D:8)
  Pikel (D:7)
  An orange demon (D:8)
  Maggie (D:7)
  2 hornets
  A yak (D:8)
  3 wyverns
  A steam dragon (D:6)
  2 basilisks (D:8)
  Menkaure (D:7)
  4 orc warriors
  A sky beast (D:5)
  2 ice beasts (D:7)
  A black bear (D:6)
  An ogre (D:6)
  4 centaurs
  2 phantoms
  A lemure (D:6)
  2 kobold brigands
  4 scorpions
  2 bullfrogs
  5 necrophages
  3 wights (D:7)
  17 killer bees
  3 vampire bats (D:5)
  3 howler monkeys (D:8)
  A crimson imp (D:6)
  5 hounds
  A gnoll shaman (D:8)
  A jelly (D:6)
  5 orc priests
  Terence (D:2)
  An iguana (D:5)
  7 orc wizards
  10 gnolls
  10 adders
  2 shadow imps (D:7)
  4 white imps
  An ufetubus (D:6)
  A worm (D:2)
  35 orcs
  5 ball pythons
  3 bats
  2 bat skeletons (D:5)
  4 bat zombies (D:5)
  5 endoplasms
  12 giant cockroaches
  6 goblins
  8 hobgoblins
  7 jackals (D:3)
  13 kobolds
  2 quokkas
  3 frilled lizards
  5 rats
230 creatures vanquished.

Vanquished Creatures (collateral kills)
  A foxfire (D:5)
1 creature vanquished.

Vanquished Creatures (others)
  729 foxfires
  A fungus (D:8)
730 creatures vanquished.

Grand Total: 961 creatures vanquished

Notes
Turn   | Place    | Note
-------+----------+-------------------------------------------
     0 | D:1      | kae the Demigod Fire Elementalist began the quest for the
                  | Orb.
     0 | D:1      | Reached XP level 1. HP: 14/14 MP: 5/5
    96 | D:1      | Reached skill level 1 in Conjurations
   611 | D:1      | Reached XP level 2. HP: 22/22 MP: 5/7
  1198 | D:2      | Learned a level 2 spell: Scorch
  1459 | D:2      | Noticed Terence
  1471 | D:2      | Killed Terence
  1472 | D:2      | Reached skill level 1 in Fighting
  1472 | D:2      | Reached XP level 3. HP: 5/28 MP: 0/8
  1762 | D:2      | Learned a level 3 spell: Conjure Flame
  2521 | D:3      | Reached XP level 4. HP: 35/35 MP: 7/10
  3902 | D:4      | Reached XP level 5. HP: 41/41 MP: 6/11
  4246 | D:4      | Reached XP level 6. HP: 36/49 MP: 4/13
  5019 | D:5      | Entered Level 5 of the Dungeon
  5029 | D:5      | Reached XP level 7. HP: 46/56 MP: 8/15
  5627 | D:5      | Found Miurocod's Jewellery Emporium.
  5763 | D:5      | Found Bips's Book Emporium.
  6016 | D:5      | Found a staircase to the Ecumenical Temple.
  6042 | D:5      | Found Molid's Magic Scroll Boutique.
  6085 | D:5      | Bought 3 scrolls of identify for 84 gold pieces
  6085 | D:5      | Bought a scroll of identify for 28 gold pieces
  6085 | D:5      | Bought a scroll of identify for 28 gold pieces
  6085 | D:5      | Identified a scroll of acquirement
  6085 | D:5      | Acquired the amulet "Tyckagh" {Reflect MP+9 SH+5 SInv}
  6391 | D:5      | Reached XP level 8. HP: 66/66 MP: 17/17
  6798 | D:6      | Reached skill level 5 in Fire Magic
  6984 | D:6      | Found Cauc's Book Emporium.
  6984 | D:6      | Found Eralu's Weapon Shop.
  7059 | D:6      | Found Jyiwnaz's Armour Shoppe.
  7059 | D:6      | Found Naxun's Magic Scroll Boutique.
  7061 | D:6      | Found Qeuddaith's Book Emporium.
  7061 | D:6      | Found Kyogetz's Assorted Antiques.
  7081 | D:6      | Bought a pink potion for 27 gold pieces
  7969 | D:7      | Found a transporter.
  7974 | D:7      | Noticed Kebab's ghost (novice GnWn)
  7976 | D:7      | Identified the +1 great mace of the Dark Horse {elec,
                  | Fragile Fly rC+ rN+}
  7976 | D:7      | Noticed a two-headed ogre
  7981 | D:7      | Found a transporter.
  8093 | D:7      | Noticed Pikel
  8203 | D:7      | Reached skill level 5 in Dodging
  8313 | D:7      | Learned a level 3 spell: Inner Flame
  8318 | D:7      | Learned a level 4 spell: Flame Wave
  8320 | D:7      | Noticed Maggie
  8345 | D:7      | Killed Maggie
  8747 | D:7      | Reached skill level 5 in Conjurations
  8747 | D:7      | Reached XP level 9. HP: 65/73 MP: 14/19
  8851 | D:7      | Reached skill level 5 in Fighting
  8975 | D:7      | Killed Pikel
  8976 | D:7      | Reached skill level 5 in Spellcasting
  9134 | D:7      | Noticed Menkaure
  9646 | D:7      | Killed Menkaure
 10194 | D:8      | Found a transporter.
 10554 | D:8      | Found a transporter.
 10573 | D:8      | Noticed a two-headed ogre
 10589 | D:8      | Killed a two-headed ogre
 10590 | D:8      | Reached XP level 10. HP: 83/83 MP: 21/22
 10651 | D:8      | Found a staircase to the Lair.
 10684 | D:8      | Found Qiudd's Weapon Emporium.
 10800 | D:8      | Noticed Amaemon
 10954 | D:8      | Killed Amaemon
 11733 | D:9      | Found Raghimel's Jewellery Boutique.
 12304 | D:9      | Found a staircase to the Orcish Mines.
 12307 | D:9      | Found Tygaics's Weapon Shoppe.
 13104 | D:10     | Entered Level 10 of the Dungeon
 13281 | D:10     | Noticed a centaur warrior
 13288 | D:10     | HP: 2/84 [centaur warrior (12)]
 13289 | D:10     | Slain by a centaur warrior

Illustrated notes

Levels and vault maps discovered:
D:1:      erik_arrival_orb_chamber, layout_loops_cross,
          ebering_ecumenical_altar_hall
D:2:      layout_basic, basic_altar, serial_park_tiny_1, lemuel_another_geyser,
          uniq_terence
D:3:      minmay_roachtagon, layout_rooms, nicolae_ashenzari_panopticon,
          corexii_item_surrounded_by_moat, minmay_door_square
D:4:      layout_basic
D:5:      minmay_spotlight, layout_gridville,
          mainiacjoe_overflow_small_starburst, kennysheep_vampire_church,
          minmay_temple_entry_poolview, serial_shops, kennysheep_little_box,
          nicolae_shop_statue_plus, nicolae_shop_statue_plus,
          hangedman_decor_slide_cut
D:6:      layout_basic, grunt_gozag_statues, nicolae_wooded_promenade,
          minmay_fire_ice_demons
D:7:      layout_rooms, worldfamousw_hep_ancestral_shrine,
          mainiacjoe_overflow_alcove_2, gammafunk_ghost_smash,
          kennysheep_generic_room_15, uniq_menkaure, uniq_maggie, uniq_pikel
D:8:      gammafunk_jiyva_shrine, layout_rooms, david_lair_generic,
          serial_shops, nicolae_shop_waterfront, uniq_amaemon
D:9:      layout_basic, orc_david_3, serial_shops, shop, minmay_strange_pillars
D:10:     layout_layer_cave, uniq_snorg

Skill      XL: |  1  2  3  4  5  6  7  8  9 10 |
---------------+-------------------------------+-----
Conjurations   | 1 2 3 5 6 7 |  7.0
Dodging        | 2 3 4 5 6 7 |  7.2
Spellcasting   | 2 3 4 5 6 |  6.6
Fire Magic     | 3 4 5 6 7 |  7.5
Fighting       | 1 2 3 4 6 |  6.9
Stealth        | |  1.7

Action                   |  1- 3 |  4- 6 |  7- 9 | 10-12 || total
-------------------------+-------+-------+-------+-------++-------
Melee: Unarmed           |     5 |       |    26 |       ||    31
 Cast: Foxfire           |    79 |   103 |   158 |    90 ||   430
       Scorch            |     8 |    18 |    76 |    28 ||   130
       Conjure Flame     |       |     1 |     9 |     7 ||    17
       Flame Wave        |       |       |     4 |     2 ||     6
       Inner Flame       |       |       |     1 |     5 ||     6
Evoke: Wand              |       |       |     1 |       ||     1
  Use: Scroll            |     8 |     7 |    10 |       ||    25
       Potion            |       |     2 |     3 |       ||     5
Armor: Robe              |     3 |     7 |    23 |     3 ||    36
       Acid dragon scale |       |       |       |     4 ||     4
Dodge: Dodged            |    16 |    45 |   111 |    33 ||   205
Block: Buckler           |       |     1 |    65 |    31 ||    97
       Reflection        |       |       |     5 |     6 ||    11

Table legend: (Time is in decaauts)
 A = Elapsed time spent in this place.
 B = Non-inter-level travel time spent in this place.
 C = Inter-level travel time spent in this place.
 D = Time resting spent in this place.
 E = Time spent auto-exploring this place.
 F = Levels seen in this place.
 G = Mean time per level.
                   A        B        C        D        E       F      G
               +--------+--------+--------+--------+--------+-----+--------+
         Total |  13315 |  12889 |    426 |   1839 |   9079 |  10 | 1331.5 |
       Dungeon |  13315 |  12889 |    426 |   1839 |   9079 |  10 | 1331.5 |
               +--------+--------+--------+--------+--------+-----+--------+

Top non-repeatable levels by time:
     D:6: 2275 daAuts
     D:9: 1514 daAuts
     D:5: 1472 daAuts
     D:7: 1440 daAuts
     D:8: 1411 daAuts
     D:3: 1403 daAuts
     D:4: 1295 daAuts
     D:1: 1242 daAuts
     D:2: 1076 daAuts
    D:10: 183 daAuts
